 Dungeon Crawl Stone Soup version 0.28-a0-1638-g9123634e07 (webtiles) character file.

Game seed: 10049839509804838590

210 a3don the Digger (level 5, -3/49 HPs)
             Began as a Troll Earth Elementalist on Jan 26, 2022.
             Was a Follower of Uskayaw.
             Slain by a gnoll sergeant (8 damage)
             ... on level 3 of the Dungeon.
             The game lasted 00:04:40 (2370 turns).

a3don the Digger (Troll Earth Elementalist)         Turns: 2370, Time: 00:04:40

Health: -3/49      AC:  4    Str: 16    XL:     5   Next: 57%
Magic:  6/6        EV:  9    Int: 13    God:    Uskayaw [*.....]
Gold:   67         SH:  0    Dex: 10    Spells: 1/7 levels left

rFire   . . .      SeeInvis .     - Unarmed
rCold   . . .      Faith    .   (no shield)
rNeg    . . .      Spirit   .   b - +0 robe
rPois   .          Reflect  .   (helmet restricted)
rElec   .          Harm     .   (no cloak)
rCorr   .          Rampage  .   (gloves unavailable)
Will    .....                   (boots unavailable)
Stlth   +.........              (no amulet)
HPRegen 0.96/turn               (no ring)
MPRegen 0.10/turn               (no ring)

@: no status effects
A: large, unfitting armour, claws 3, regeneration 1, shaggy fur 1, tough skin 1
a: Renounce Religion, Stomp


You were on level 3 of the Dungeon.
You worshipped Uskayaw.
Uskayaw was noncommittal.
You visited 1 branch of the dungeon, and saw 3 of its levels.

You collected 67 gold pieces.

Inventory:

Missiles
 c - 71 stones
 g - 10 poisoned darts (quivered)
 j - 2 boomerangs
Armour
 b - a +0 robe (worn)
Scrolls
 a - 2 scrolls of magic mapping {unknown}
 f - 3 scrolls of identify {unknown}
 h - a scroll of summoning {unknown}
 n - a scroll of enchant weapon {unknown}
Potions
 d - a potion of ambrosia {unknown}
 e - a potion of berserk rage {unknown}
 i - 3 potions of curing {unknown}
 k - 2 potions of haste {unknown}
 l - a potion of attraction {unknown}
 m - a potion of degeneration {unknown}
 o - a potion of cancellation {unknown}
 p - a potion of heal wounds {unknown}
 q - a potion of resistance {unknown}


   Skills:
 + Level 1.8 Fighting
 - Level 1.5 Dodging
 - Level 1.0 Stealth
 + Level 2.4 Unarmed Combat
 + Level 1.7 Spellcasting
 - Level 0.6 Transmutations
 + Level 1.4 Ice Magic
 + Level 3.6 Earth Magic


You had one spell level left.
You knew the following spells:

 Your Spells              Type           Power      Damage    Failure   Level
a - Sandblast             Erth           20%        2d7       6%          1
b - Passwall              Tmut/Erth      5%         N/A       17%         2
c - Ozocubu's Armour      Ice            4%         N/A       41%         3

Your spell library contained the following spells:

 Spells                   Type           Power      Damage    Failure   Level
 Animate Skeleton         Necr           2%         N/A       26%         1
 Pain                     Necr           4%         1d4       26%         1
 Stone Arrow              Conj/Erth      10%        3d7       36%         3
 Vampiric Draining        Necr           1%         2d6       61%         3
 Petrify                  Tmut/Erth      6%         N/A       73%         4
 Ozocubu's Refrigeration  Ice            2%         4d5       100%        7


Dungeon Overview and Level Annotations

Branches:
Dungeon (3/15)

Altars:
Uskayaw


Innate Abilities, Weirdness & Mutations

You are too large for most types of armour.
You have claws for hands.
Your natural rate of healing is unusually fast.
You are covered in fur. (AC +1)
You have tough skin. (AC +1)


Message History

Throw: 12 darts (poison)
Press: ? - help, Q - select action, (/) - cycle Shift-Dir - straight line, f - gnoll sergeant
Aim: a gnoll sergeant, wielding a +2 spear of freezing, wearing a +0 scale mail and wearing a +0 kite shield (lightly wounded, poisoned, 67% to hit)
You throw a poisoned dart.
The poisoned dart hits the gnoll sergeant.
The gnoll sergeant is lightly wounded.
Throw: 11 darts (poison)
Press: ? - help, Q - select action, (/) - cycle Shift-Dir - straight line, f/p - gnoll sergeant
Aim: a gnoll sergeant, wielding a +2 spear of freezing, wearing a +0 scale mail and wearing a +0 kite shield (lightly wounded, poisoned, 67% to hit)
You throw a poisoned dart.
The gnoll sergeant blocks the poisoned dart.
The gnoll sergeant hits you from afar with a +2 spear of freezing!
The gnoll sergeant freezes you.
Casting: Sandblast (safe; 6% risk of failure)
Confirm with . or Enter, or press ? or * to list all spells.
Aiming: Sandblast (safe; 6% risk of failure)
Press: ? - help, Shift-Dir - straight line, f/p - gnoll sergeant
Aim: a gnoll sergeant, wielding a +2 spear of freezing, wearing a +0 scale mail and wearing a +0 kite shield (lightly wounded, poisoned, 87% to hit)
The blast of sand hits the gnoll sergeant but does no damage.
The gnoll sergeant is lightly wounded.
c - 71 stones The gnoll sergeant hits you from afar with a +2 spear of freezing!
The gnoll sergeant freezes you.
The gnoll sergeant looks more healthy.
The gnoll sergeant hits you with a +2 spear of freezing!
The gnoll sergeant freezes you.
* * * LOW HITPOINT WARNING * * *
The gnoll sergeant blocks your attack.
The gnoll sergeant is lightly wounded.
The gnoll sergeant hits you with a +2 spear of freezing!
* * * LOW HITPOINT WARNING * * *
The gnoll sergeant freezes you.
* * * LOW HITPOINT WARNING * * *
You scratch the gnoll sergeant.
The gnoll sergeant is moderately wounded.
The gnoll sergeant closely misses you.
You scratch the gnoll sergeant but do no damage.
The gnoll sergeant is moderately wounded.
The gnoll sergeant hits you with a +2 spear of freezing!
You die...

#......# ###.### #...#
#.#†#..# ### ###.# #.#.#..#
#.# #......########## #.#
###.#####.......# #.# #.#
#.......# ##.## #.# #.......#
#...# #.# #.......# #...# #.#
#......@### #...# #.#
#.......g.# ##.## #.#
#.......#.# #.# #.#
#########.# #.# #.#
#.......#.####.# #<#
###............#.#
#.###.........#(##.#.#########
#.....#####...................
#####.# #.....##.##.##......


You could see a gnoll sergeant.

Vanquished Creatures
  A kobold brigand (D:3)
  An orc priest (D:3)
  An orc wizard (D:3)
  2 gnolls
  3 adders
  A dart slug (D:3)
  An orc (D:3)
  8 ball pythons
  6 endoplasms
  4 goblins
  6 hobgoblins
  3 bats (D:2)
  6 frilled lizards
  2 kobolds (D:2)
  2 rats
47 creatures vanquished.

Notes
Turn   | Place    | Note
-------+----------+-------------------------------------------
     0 | D:1      | a3don the Troll Earth Elementalist began the quest for the
                  | Orb.
     0 | D:1      | Reached XP level 1. HP: 16/16 MP: 1/1
   151 | D:1      | Found a faded altar of an unknown god.
   285 | D:1      | Reached XP level 2. HP: 26/26 MP: 2/2
   852 | D:2      | Reached skill level 1 in Unarmed Combat
   865 | D:2      | Reached skill level 3 in Earth Magic
  1050 | D:2      | Reached skill level 1 in Fighting
  1067 | D:2      | Reached XP level 3. HP: 33/33 MP: 3/3
  1514 | D:2      | Learned a level 2 spell: Passwall
  1800 | D:3      | Noticed a kobold brigand
  1808 | D:3      | Killed a kobold brigand
  1809 | D:3      | Reached skill level 1 in Ice Magic
  1809 | D:3      | Reached XP level 4. HP: 38/41 MP: 3/5
  1832 | D:3      | Found a hide-covered altar of Uskayaw.
  1915 | D:3      | Became a worshipper of Uskayaw the Reveller
  1927 | D:3      | Reached * piety under Uskayaw
  1929 | D:3      | Reached XP level 5. HP: 44/48 MP: 2/6
  1932 | D:3      | Reached ** piety under Uskayaw
  1934 | D:3      | Reached *** piety under Uskayaw
  2065 | D:3      | HP: 2/49 [gnoll (3)]
  2259 | D:3      | Learned a level 3 spell: Ozocubu's Armour
  2370 | D:3      | Slain by a gnoll sergeant

Illustrated notes

Levels and vault maps discovered:
D:1:      pf_arrival_petrified_forest, layout_basic,
          chequers_ecumenical_altar_simple_redux
D:2:      layout_loops_corners, eino_tiny_chamber
D:3:      layout_loops_cross, eat_drink_and_be_merry_uskayaw, serial_shops,
          shop, uniq_grinder

Skill      XL: |  1  2  3 |
---------------+----------+-----
Unarmed Combat | 1 2 |  2.4
Earth Magic    | 3 |  3.6
Fighting       | 1 |  1.8
Ice Magic      | 1 |  1.4
Dodging        | |  1.5
Stealth        | |  1.0
Spellcasting   | |  1.7
Transmutations | |  0.6

Action                   |  1- 3 |  4- 6 || total
-------------------------+-------+-------++-------
Melee: Unarmed           |   121 |    25 ||   146
       Punch             |     1 |       ||     1
Throw: Dart              |       |     6 ||     6
 Cast: Sandblast         |       |     9 ||     9
 Stab: Sleeping          |     5 |       ||     5
       Paralysed         |       |     1 ||     1
Armor: Robe              |    53 |     6 ||    59
Dodge: Dodged            |    40 |    17 ||    57

Table legend: (Time is in decaauts)
 A = Elapsed time spent in this place.
 B = Non-inter-level travel time spent in this place.
 C = Inter-level travel time spent in this place.
 D = Time resting spent in this place.
 E = Time spent auto-exploring this place.
 F = Levels seen in this place.
 G = Mean time per level.
                   A        B        C        D        E       F      G
               +--------+--------+--------+--------+--------+-----+--------+
         Total |   2368 |   2222 |    146 |     64 |   1678 |   3 |  789.3 |
       Dungeon |   2368 |   2222 |    146 |     64 |   1678 |   3 |  789.3 |
               +--------+--------+--------+--------+--------+-----+--------+

Top non-repeatable levels by time:
     D:2: 1043 daAuts
     D:1: 826 daAuts
     D:3: 497 daAuts
